[Event "*** Titled Tuesday Blitz"]
[Site "Chess.com"]
[Date "2021.02.16"]
[Round "6"]
[White "zimmm36"]
[Black "InitiatingASC"]
[Result "1-0"]
[WhiteElo "2288"]
[BlackElo "2421"]
[TimeControl "180+1"]
[EndTime "11:05:05 PST"]
[Termination "zimmm36 won by resignation"]

1. d4 d5 2. Nf3 e6 3. g3 c5 4. Bg2 Nc6 5. O-O Nf6 6. c4 Be7 7.
cxd5 exd5 8. dxc5 Bxc5 9. Qc2 Be7 10. Rd1 O-O 11. Nc3 Be6 12. Ng5 Rc8 13. Nxd5 Bxd5 14.
Bxd5 Nb4 15. Bxf7+ Kh8 16. Rxd8 Nxc2 17. Rxf8+ Rxf8 18.
Rb1 Ng4 19. Bb3 Nd4 20. Nf7+ Rxf7 21. Bxf7 Nxe2+ 22. Kg2 Ne5 23. Bb3 h6 24. Bf4 Nd3 25. Be3 Bf6 26. Bc4 1-0

[Event "*** Titled Tuesday Blitz"]
[Site "Chess.com"]
[Date "2021.02.16"]
[Round "6"]
[White "Angel_Hranitel_37"]
[Black "Vuk2000"]
[Result "1-0"]
[WhiteElo "2506"]
[BlackElo "2669"]
[TimeControl "180+1"]
[EndTime "11:05:23 PST"]
[Termination "Angel_Hranitel_37 won by checkmate"]

1. d4 Nf6 2. Nf3 e6 3. g3 b5 4. Bg2 Bb7 5. O-O c5 6. c3 cxd4 7. cxd4 Be7 8. Bg5 O-O 9. e3 b4 10. Nbd2 d5 11. Nb3 Nbd7 12. Qe2 Qb6 13. Rfc1 a5 14.
Bxf6 Nxf6 15. Nc5 Bxc5 16. dxc5 Qc7 17. c6 Ba6 18. Qc2 Rfc8 19. a3 Qb6 20. axb4 axb4 21. Ne5 Ne8 22. Nd7 Qc7 23. Qc5 Bc4 24. Qf8# 1-0

[Event "*** Titled Tuesday Blitz"]
[Site "Chess.com"]
[Date "2021.02.16"]
[Round "6"]
[White "stepanosinovsky"]
[Black "SanQui14"]
[Result "1-0"]
[WhiteElo "2312"]
[BlackElo "2428"]
[TimeControl "180+1"]
[EndTime "11:05:23 PST"]
[Termination "stepanosinovsky won by resignation"]

1. e4 e6 2. d4 d5 3. Nc3 Bb4 4. e5 c5 5. a3 Bxc3+ 6. bxc3 Qc7 7. Qg4 f5 8. Qg3 Ne7 9. Ne2 O-O 10. a4 Nbc6 11. Ba3 b6 12. dxc5 bxc5 13. Bxc5 Re8 14. Bd6 Qa5 15. Nf4 Bd7 16. Bb5 Nc8 17. Nh5 g6 18.
Nf6+ Kf7 19. Nxd7 Nxd6 20. exd6 Nd4 21. O-O Nxb5 22. axb5 Qxb5 23. Ne5+ Kg7 24. Rfb1 Qc5 25. Rb7+ Kg8 26. Nxg6 1-0

[Event "*** Titled Tuesday Blitz"]
[Site "Chess.com"]
[Date "2021.02.16"]
[Round "6"]
[White "EvgenyT"]
[Black "bakki78"]
[Result "1-0"]
[WhiteElo "2935"]
[BlackElo "2715"]
[TimeControl "180+1"]
[EndTime "11:05:30 PST"]
[Termination "EvgenyT won by resignation"]

1. c4 e5 2. g3 c6 3. Nf3 e4 4. Nd4 Qb6 5. Nb3 a5 6. d4 a4 7. c5 Qd8 8. N3d2 d5 9. cxd6 Nf6 10. Bg2 e3 11. fxe3 Bxd6 12. e4 Bc7 13. e5 Nd5 14.
Ne4 a3 15. Nxa3 Ba5+ 16. Kf2 O-O 17. Rf1 f6 18. exf6 Bf5 19. Kg1 Bxe4 20. Bxe4 Nxf6 21. Bf3 Bc7 22. Kg2 Nbd7 23. Qb3+ Kh8 24. Qxb7 Nb6 25. Qxc6 Nbd5 26. Bxd5 1-0

[Event "*** Titled Tuesday Blitz"]
[Site "Chess.com"]
[Date "2021.02.16"]
[Round "6"]
[White "dretch"]
[Black "francyIM"]
[Result "1-0"]
[WhiteElo "2849"]
[BlackElo "2684"]
[TimeControl "180+1"]
[EndTime "11:05:40 PST"]
[Termination "dretch won by resignation"]

1. d4 d5 2. c4 c6 3. Nc3 Nf6 4. e3 a6 5. b3 Bf5 6. Nf3 e6 7. Be2 h6 8. O-O Nbd7 9. Bd3 Bxd3 10. Qxd3 Bb4 11. a3 Bxc3 12. Qxc3 O-O 13. a4 Re8 14.
Ba3 Ne4 15. Qc2 b5 16. Rfc1 bxc4 17. bxc4 Nb6 18. Ne5 Rc8 19. Rab1 f6 20. a5 Na8 21.
Ng6 Kh7 22. Nf4 Qxa5 23. Bb4 Qd8 24. f3 e5 25. Ne2 exd4 26. exd4 f5 27. fxe4 fxe4 28.
cxd5 cxd5 29. Qxc8 Qxc8 30. Rxc8 Rxc8 31. Ba5 g5 32. Nc3 Rc4 33. Rb7+ Kg6 34. Ra7 Nb6 35. Rxa6 Rxd4 36. Bxb6 Kh5 37. Bxd4 1-0

[Event "*** Titled Tuesday Blitz"]
[Site "Chess.com"]
[Date "2021.02.16"]
[Round "6"]
[White "ikhasu"]
[Black "Ze-Pequeno"]
[Result "1-0"]
[WhiteElo "2405"]
[BlackElo "2280"]
[TimeControl "180+1"]
[EndTime "11:05:40 PST"]
[Termination "ikhasu won by resignation"]

1. e4 c5 2. Nf3 d6 3. c3 Nf6 4. Bd3 Nc6 5. Bc2 Bg4 6. h3 Bh5 7. d3 e6 8. Nbd2 Be7 9. Nf1 d5 10. Qe2 O-O 11. Ng3 Bg6 12. O-O h6 13. a3 Re8 14. Bd2 Qc7 15. Rac1 Bd6 16. Nh4 Bxg3 17. fxg3 Qxg3 18. Nxg6 fxg6 19. Bf4 1-0

[Event "*** Titled Tuesday Blitz"]
[Site "Chess.com"]
[Date "2021.02.16"]
[Round "6"]
[White "kuban1991"]
[Black "Rozum_Ivan"]
[Result "1-0"]
[WhiteElo "2891"]
[BlackElo "2762"]
[TimeControl "180+1"]
[EndTime "11:05:41 PST"]
[Termination "kuban1991 won by resignation"]

1. Nf3 Nf6 2. g3 d5 3. Bg2 c6 4. O-O Bg4 5. Ne5 Bf5 6. d4 e6 7. c4 Nbd7 8. Nc3 Be7 9. Qb3 Qb6 10. Nxd7 Nxd7 11. e4 dxe4 12. Nxe4 O-O 13. Be3 Rfd8 14. h3 Nf6 15. Nc5 Bxc5 16. dxc5 Qxb3 17. axb3 Be4 18. Bxe4 Nxe4 19. b4 Nd2 20. Bxd2 Rxd2 21. Rfd1 Rxb2 22. Rxa7 Rf8 23. Rxb7 Rc2 24. Rd6 Rxc4 25. Rxc6 h5 26. Rcc7 g5 27. c6 Kg7 28. b5 Kf6 29. b6 Ke5 30.
Kg2 Kd6 31. Rxf7 Rxf7 32. Rxf7 Kxc6 33. Rc7+ 1-0

[Event "*** Titled Tuesday Blitz"]
[Site "Chess.com"]
[Date "2021.02.16"]
[Round "6"]
[White "politeplayer"]
[Black "NovikovaGalina"]
[Result "1-0"]
[WhiteElo "2232"]
[BlackElo "2396"]
[TimeControl "180+1"]
[EndTime "11:05:48 PST"]
[Termination "politeplayer won by resignation"]

1. e4 e6 2. d4 d5 3. exd5 exd5 4. Nf3 Nf6 5. Bd3 Be7 6. O-O Bg4 7. Re1 O-O 8. Bf4 Nbd7 9. Nbd2 c5 10. h3 Bh5 11.
g4 Bg6 12. Bxg6 hxg6 13. c3 Re8 14. Ne5 Nxe5 15. dxe5 Nd7 16. e6 Nf6 17. exf7+ Kxf7 18. Nf3 Bd6 19. Rxe8 Kxe8 20. Bxd6 Qxd6 21. Qa4+ Kf8 22.
Re1 Ne4 23. c4 Qf4 24. cxd5 Re8 25. Kg2 Kg8 26. Qxe8+ Kh7 27. Qxe4 Qf6 28. g5 Qxb2 29. Qh4+ Kg8 30. Qg4 Qb5 31. Qe6+ Kh7 32. Ne5 Qa4 33. Qxg6+ Kg8 34. Ng4 1-0

[Event "*** Titled Tuesday Blitz"]
[Site "Chess.com"]
[Date "2021.02.16"]
[Round "6"]
[White "Smile2005"]
[Black "verdest"]
[Result "0-1"]
[WhiteElo "2345"]
[BlackElo "2500"]
[TimeControl "180+1"]
[EndTime "11:05:50 PST"]
[Termination "verdest won by resignation"]

1. Nf3 Nf6 2. g3 e6 3. Bg2 d5 4. O-O c5 5. d3 Nc6 6. Nbd2 Be7 7. e4 O-O 8. e5 Nd7 9. Re1 Qc7 10. Qe2 b5 11.
Nf1 b4 12. Bf4 a5 13. h4 a4 14. N1h2 a3 15. b3 Ba6 16. h5 Nd4 17. Nxd4 cxd4 18. Qg4 Kh8 19. Re2 Qc3 20. Rb1 Rac8 21. Nf3 Nc5 22. Bd2 Qxc2 23. Rc1 Qxd3 24. Nxd4 Ne4 25. Be3 Rxc1+ 26. Bxc1 Qxd4 0-1

[Event "*** Titled Tuesday Blitz"]
[Site "Chess.com"]
[Date "2021.02.16"]
[Round "6"]
[White "ljuks68"]
[Black "j2806"]
[Result "1-0"]
[WhiteElo "2389"]
[BlackElo "2123"]
[TimeControl "180+1"]
[EndTime "11:05:54 PST"]
[Termination "ljuks68 won by checkmate"]

1. e4 c5 2. Nf3 d6 3. d4 cxd4 4.
Nxd4 Nf6 5. Nc3 a6 6. Bg5 e6 7. f4 Be7 8. Qf3 Qc7 9. O-O-O Nbd7 10. g4 b5 11. Bxf6 Nxf6 12. g5 Nd7 13. f5 Bxg5+ 14. Kb1 Nf6 15. fxe6 fxe6 16. e5 Bb7 17. Qg3 dxe5 18.
Rg1 Bf4 19. Nxe6 Qe7 20. Qxg7 Qxg7 21. Rxg7 Ra7 22. Nxb5 axb5 23. Bxb5+ Nd7 24. Bxd7# 1-0

[Event "*** Titled Tuesday Blitz"]
[Site "Chess.com"]
[Date "2021.02.16"]
[Round "6"]
[White "Julianos82"]
[Black "Lion-Al-Messi"]
[Result "0-1"]
[WhiteElo "2351"]
[BlackElo "2510"]
[TimeControl "180+1"]
[EndTime "11:05:55 PST"]
[Termination "Lion-Al-Messi won by resignation"]

1. d4 d5 2. Bf4 Nf6 3. e3 c5 4. c3 Qb6 5. Nd2 Qxb2 6. Ngf3 Nc6 7. Ne5 e6 8. Bd3 Qxc3 9. Rc1 Qa3 10. Bb5 Bd7 11.
Nxd7 Nxd7 12. O-O c4 13. e4 a6 14. exd5 axb5 15. dxc6 bxc6 16. Ne4 Be7 17. Re1 O-O 18.
Be5 Qxa2 19. Bxg7 Kxg7 20. Rc3 Ra3 21. Rxa3 Qxa3 22. Re3 Qa2 23. h4 f5 24. Nc3 Qa5 25. Rg3+ Kh8 26. Qh5 Qa1+ 27. Kh2 Bd6 28. Ne2 Bxg3+ 29.
fxg3 Nf6 30. Qh6 Ng4+ 0-1

[Event "*** Titled Tuesday Blitz"]
[Site "Chess.com"]
[Date "2021.02.16"]
[Round "6"]
[White "c_r_e_e_p_e_r"]
[Black "beto-betun"]
[Result "1-0"]
[WhiteElo "2373"]
[BlackElo "2187"]
[TimeControl "180+1"]
[EndTime "11:06:00 PST"]
[Termination "c_r_e_e_p_e_r won by resignation"]

1. e4 c5 2. Nf3 d6 3. Bb5+ Nd7 4.
O-O Nf6 5. Re1 e5 6. c3 a6 7. Ba4 b5 8. Bc2 Bb7 9. d4 cxd4 10. cxd4 Be7 11. Nc3 O-O 12. Nd5 Bxd5 13. exd5 Rc8 14. dxe5 dxe5 15. Nxe5 Nxe5 16. Rxe5 Qd6 17. Bf4 Nh5 18.
Bxh7+ Kxh7 19. Rxh5+ Kg8 20. Bxd6 Bxd6 21. g3 Rc4 22. b3 Re4 23. Qd3 Rfe8 24. Rc1 g6 25. Rh4 R4e5 26. Rc6 Be7 27. Re4 1-0

[Event "*** Titled Tuesday Blitz"]
[Site "Chess.com"]
[Date "2021.02.16"]
[Round "6"]
[White "Piotrek1979"]
[Black "Aygehovit1992"]
[Result "0-1"]
[WhiteElo "2413"]
[BlackElo "2590"]
[TimeControl "180+1"]
[EndTime "11:06:05 PST"]
[Termination "Aygehovit1992 won by resignation"]

1. e4 d6 2. d4 Nf6 3. Nc3 g6 4. Nf3 Bg7 5. h3 Nc6 6. Be3 O-O 7.
Qd2 e5 8. dxe5 Nxe5 9. Nxe5 dxe5 10. O-O-O Qxd2+ 11. Rxd2 c6 12. a4 Be6 13. Be2 Rfd8 14. Rhd1 Rxd2 15. Rxd2 Kf8 16. b4 Ke8 17. Kb2 Bf8 18.
b5 Nd7 19. g4 Bb4 20. Rd1 Nc5 21. Nd5 cxd5 22. exd5 Bd7 23. c3 Nxa4+ 24. Kb3 Nxc3 25. Kxb4 Nxd1 26. Bxd1 b6 27. Bg5 Rc8 28. Bf6 e4 29.
Bb3 Rc1 30. d6 Rb1 31. Kc3 Bxb5 32. Bd5 Bd7 33. Bxe4 Re1 34. Be7 Rxe4 0-1

[Event "*** Titled Tuesday Blitz"]
[Site "Chess.com"]
[Date "2021.02.16"]
[Round "6"]
[White "Vugar_Manafov"]
[Black "GLeruste"]
[Result "1-0"]
[WhiteElo "2655"]
[BlackElo "2453"]
[TimeControl "180+1"]
[EndTime "11:06:12 PST"]
[Termination "Vugar_Manafov won by resignation"]

1. Nf3 g6 2. g3 Bg7 3. Bg2 e5 4. O-O Ne7 5. e4 O-O 6. Nc3 d6 7. d3 Nbc6 8. Nd2 f5 9. f4 Nd4 10. Nc4 Be6 11. Ne3 c6 12. exf5 Nexf5 13. fxe5 Bxe5 14. Ne4 Kh8 15. c3 Nxe3 16. Rxf8+ Qxf8 17. Bxe3 Nf5 18. Bd2 Bg7 19. Qc2 Re8 20. Rf1 Qe7 21. Bg5 Qd7 22. Nf6 Bxf6 23. Bxf6+ Kg8 24. Qd2 Rf8 25. Bg5 Ng7 26. Rxf8+ Kxf8 27. Qf2+ Qf7 28. Qxa7 Qf5 29. Qb8+ Ne8 30. Bh6+ Ke7 31.
Qxb7+ Bd7 32. h4 Qxd3 33. Bg5+ 1-0

[Event "*** Titled Tuesday Blitz"]
[Site "Chess.com"]
[Date "2021.02.16"]
[Round "6"]
[White "DJojua"]
[Black "Skatchkov_V"]
[Result "0-1"]
[WhiteElo "2731"]
[BlackElo "2532"]
[TimeControl "180+1"]
[EndTime "11:06:14 PST"]
[Termination "Skatchkov_V won by resignation"]

1. d4 Nf6 2. Nf3 e6 3. Bf4 d5 4.
e3 c5 5. c3 Nc6 6. Bd3 Nh5 7.
Bg5 f6 8. Bh4 g6 9. Nbd2 cxd4 10.
Nxd4 e5 11. N4b3 Be6 12. O-O Be7 13. Be2 Ng7 14. e4 O-O 15. Bf3 d4 16. cxd4 Nxd4 17.
Nxd4 Qxd4 18. Nb3 Qxb2 19. Bg4 Rfd8 20. Qf3 Bxb3 21. Qxb3+ Qxb3 22. axb3 h5 23. Be2 g5 24. Bg3 h4 0-1

[Event "*** Titled Tuesday Blitz"]
[Site "Chess.com"]
[Date "2021.02.16"]
[Round "6"]
[White "FMKonstantin_Twitch"]
[Black "Manukyan_Artak"]
[Result "1-0"]
[WhiteElo "2597"]
[BlackElo "2400"]
[TimeControl "180+1"]
[EndTime "11:06:14 PST"]
[Termination "FMKonstantin_Twitch won by resignation"]

1. e4 c6 2. Nf3 d5 3. Nc3 Bg4 4. h3 Bxf3 5. Qxf3 Nf6 6. d4 dxe4 7.
Nxe4 Qxd4 8. Bd3 Nbd7 9. O-O Nxe4 10. Bxe4 Nf6 11. Bd3 e6 12. Rd1 O-O-O 13. Be3 Qd5 14.
Qxd5 Nxd5 15. Bxa7 b6 16. Ba6+ Kc7 17. c4 Ra8 18.
cxd5 Rxa7 19. dxe6 Rxa6 20. Rd7+ Kc8 21. Rad1 b5 22.
Rd8+ Kc7 23. R1d7+ Kb6 24. e7 Bxe7 25. Rxh8 Bf6 26.
b4 Rxa2 27. Rb8+ Ka6 28. Ra8+ Kb6 29. Rxa2 1-0

[Event "*** Titled Tuesday Blitz"]
[Site "Chess.com"]
[Date "2021.02.16"]
[Round "6"]
[White "Make_it_shine060"]
[Black "SHIVACalypso"]
[Result "1-0"]
[WhiteElo "2195"]
[BlackElo "2330"]
[TimeControl "180+1"]
[EndTime "11:06:15 PST"]
[Termination "Make_it_shine060 won by resignation"]

1. d4 e6 2. c4 Nf6 3. Nf3 d5 4. Nc3 Bb4 5. cxd5 exd5 6. Bg5 h6 7. Bh4 O-O 8. e3 Nc6 9. Bd3 Bg4 10. O-O Re8 11. Bxf6 Qxf6 12. Nxd5 Qd6 13. Nxb4 Nxb4 14. Be2 Nd5 15. h3 Bh5 16. Rc1 Rad8 17. Qc2 c6 18. a3 Bg6 19. Qb3 Re7 20. Ne5 Rde8 21. Bf3 Bf5 22. e4 c5 23. exf5 cxd4 24. Bxd5 Qxe5 25.
Bf3 Qxf5 26. Rcd1 Rd8 27. Qc4 d3 28. Rd2 Qg5 29. Rfd1 Re1+ 30. Rxe1 Qxd2 31. Re7 Qf4 32. Qxf4 1-0

[Event "*** Titled Tuesday Blitz"]
[Site "Chess.com"]
[Date "2021.02.16"]
[Round "6"]
[White "GigaQuparadze"]
[Black "Oglob71"]
[Result "1-0"]
[WhiteElo "2927"]
[BlackElo "2416"]
[TimeControl "180+1"]
[EndTime "11:06:19 PST"]
[Termination "GigaQuparadze won by resignation"]

1. e4 c5 2. Nf3 e6 3. d4 cxd4 4.
Nxd4 a6 5. Nc3 Qc7 6. h4 Nf6 7. Bd2 Nc6 8. Nxc6 dxc6 9. Qf3 e5 10. Bg5 Be7 11. Bc4 b5 12. Bb3 h6 13. Bxf6 Bxf6 14. a4 b4 15. Nd1 a5 16. Ne3 Ba6 17.
O-O-O Rd8 18. Nf5 c5 19. Rxd8+ Qxd8 20. Rd1 Qc7 21. Nd6+ Ke7 22. Nf5+ Kf8 23. Bd5 Bb7 24. g4 Bxd5 25. exd5 g6 26. d6 Qd7 27. Ng3 Bxh4 28. Ne4 Bg5+ 29. Kb1 Kg7 30. Nxc5 Qa7 31. Qd5 Rd8 32.
Qxe5+ Bf6 33. Qd5 Qb6 34. Ne4 b3 35. cxb3 Bg5 36. d7 Qe6 37. Qxe6 fxe6 38. Nxg5 hxg5 39. b4 Kf6 40. bxa5 Ke7 41. b4 Rb8 42. d8=Q+ Rxd8 43. Rxd8 Kxd8 44. Kc2 Kc7 45. Kd3 1-0

[Event "*** Titled Tuesday Blitz"]
[Site "Chess.com"]
[Date "2021.02.16"]
[Round "6"]
[White "SergeyShtyka"]
[Black "Ginger_GM"]
[Result "0-1"]
[WhiteElo "2472"]
[BlackElo "2639"]
[TimeControl "180+1"]
[EndTime "11:06:19 PST"]
[Termination "Ginger_GM won by resignation"]

1. e4 c5 2. Nf3 d6 3. d4 cxd4 4. Nxd4 Nf6 5. Nc3 g6 6. f4 Nbd7 7. Nf3 Qc7 8. Bd3 Bg7 9. O-O O-O 10. Kh1 a6 11. f5 b5 12. a3 Bb7 13. Qe1 e6 14. fxe6 fxe6 15. Qh4 Nc5 16. Bg5 Rf7 17.
Rfe1 Raf8 18. Qh3 Nh5 19. Nd1 d5 20. e5 d4 21. Be2 Ne4 22. Bh4 Nf4 23. Qg4 h5 0-1

[Event "*** Titled Tuesday Blitz"]
[Site "Chess.com"]
[Date "2021.02.16"]
[Round "6"]
[White "louis198"]
[Black "MergenKakabaev"]
[Result "0-1"]
[WhiteElo "2526"]
[BlackElo "2382"]
[TimeControl "180+1"]
[EndTime "11:06:19 PST"]
[Termination "MergenKakabaev won by resignation"]

1. d4 d5 2. c4 c6 3. Nc3 Nf6 4. Nf3 e6 5. Bg5 dxc4 6. e4 b5 7. e5 h6 8. Bh4 g5 9. Nxg5 hxg5 10. Bxg5 Be7 11. exf6 Bxf6 12. Bxf6 Qxf6 13. Be2 Na6 14. a3 Bb7 15. Bf3 O-O-O 16. Ne2 e5 17. a4 exd4 18. axb5 cxb5 19. Bxb7+ Kxb7 20. O-O Nc5 21. Ng3 d3 22. Re1 Rhe8 23. Qh5 Kb6 24. h4 Rxe1+ 25. Rxe1 d2 26. Rd1 Qxb2 27. Qh6+ f6 28. Qe3 Qd4 29. Qa3 c3 30.
Ne2 c2 0-1

[Event "*** Titled Tuesday Blitz"]
[Site "Chess.com"]
[Date "2021.02.16"]
[Round "6"]
[White "GM_LOADING"]
[Black "mishanick"]
[Result "0-1"]
[WhiteElo "2495"]
[BlackElo "2993"]
[TimeControl "180+1"]
[EndTime "11:06:20 PST"]
[Termination "mishanick won by resignation"]

1. d4 Nf6 2. Nf3 b6 3. Bg5 Bb7 4. Nbd2 d6 5. e3 Nbd7 6. Bd3 c5 7. c3 e6 8. O-O Be7 9. e4 h6 10. Bh4 g5 11. Bg3 Nh5 12. Nc4 Nxg3 13. fxg3 O-O 14. Ne3 cxd4 15. cxd4 Bf6 16. Qe2 Bg7 17. Rad1 Rc8 18.
Bb1 Qe7 19. Ng4 Rfd8 20. Qd3 h5 21. Ne3 g4 22. Nh4 Qg5 23. Rde1 Rc7 24. e5 Nf8 25. Nc4 Ba6 26. exd6 Bxc4 27. Qc2 Rc6 0-1

[Event "*** Titled Tuesday Blitz"]
[Site "Chess.com"]
[Date "2021.02.16"]
[Round "6"]
[White "GregShahade"]
[Black "beautroll"]
[Result "1-0"]
[WhiteElo "2659"]
[BlackElo "2475"]
[TimeControl "180+1"]
[EndTime "11:06:20 PST"]
[Termination "GregShahade won by resignation"]

1. e4 c5 2. Nf3 d6 3. d4 cxd4 4.
Nxd4 Nf6 5. Nc3 a6 6. Be3 e6 7. f3 b5 8. Qd2 Nbd7 9. g4 h6 10. O-O-O Bb7 11. h4 b4 12. Na4 Qa5 13. b3 Nc5 14. a3 Rc8 15. axb4 Nxb3+ 16. Nxb3 Qxa4 17. Kb2 Be7 18. Ra1 Qd7 19. Bxa6 Bxe4 20. Bxc8 Qxc8 21. fxe4 Nxe4 22. Qd3 Bf6+ 23. Bd4 Nf2 24. Qb5+ Kf8 25. Bxf6 Nxh1 26. Qc4 Qe8 27. Bc3 Ng3 28. Qd3 h5 29. Qxd6+ 1-0

[Event "*** Titled Tuesday Blitz"]
[Site "Chess.com"]
[Date "2021.02.16"]
[Round "6"]
[White "Skat2704"]
[Black "fabianvivasz"]
[Result "1-0"]
[WhiteElo "2536"]
[BlackElo "2359"]
[TimeControl "180+1"]
[EndTime "11:06:21 PST"]
[Termination "Skat2704 won by resignation"]

1. d4 Nf6 2. c4 g6 3. Nf3 Bg7 4. Nc3 d5 5. e3 O-O 6. cxd5 Nxd5 7. Bc4 Qd7 8. Bxd5 c6 9. Bc4 b5 10. Be2 a6 11. O-O Bb7 12. Ne4 Qc7 13. Nc5 Nd7 14. b4 a5 15. Bd2 Nxc5 16. bxc5 Rfd8 17. Qc2 Bc8 18. a4 b4 19. Bc4 Bf5 20. e4 Bg4 21. Ng5 e6 22. h3 Bxd4 23. hxg4 Bxa1 24. Rxa1 Qe5 25. Rc1 Rab8 26. Bb3 Rd7 27. Nf3 Qf6 28. g5 Qe7 29. Bf4 Rbd8 30. Bd6 1-0

[Event "*** Titled Tuesday Blitz"]
[Site "Chess.com"]
[Date "2021.02.16"]
[Round "6"]
[White "Vanina1989"]
[Black "ViditYT"]
[Result "1-0"]
[WhiteElo "2747"]
[BlackElo "2997"]
[TimeControl "180+1"]
[EndTime "11:06:23 PST"]
[Termination "Vanina1989 won by resignation"]

1. d4 Nf6 2. c4 e6 3. Nf3 d5 4.
Nc3 Nbd7 5. Bg5 c6 6. e3 h6 7. Bh4 g5 8. Bg3 Nh5 9. Nd2 Nxg3 10. hxg3 Bg7 11. Bd3 Qe7 12. Qe2 a6 13. f4 dxc4 14.
Nxc4 c5 15. Ne4 cxd4 16. Ncd6+ Kf8 17. Rc1 Nb6 18. fxg5 Bd7 19. O-O Be8 20. g6 f6 21.
Nxf6 Bxf6 22. Rxf6+ Qxf6 23. Rf1 Nd5 24. Rxf6+ Nxf6 25. exd4 Bd7 26. Qe5 Kg7 27. Ne4 Rhf8 28. Nxf6 Rxf6 29.
Qc7 1-0

[Event "*** Titled Tuesday Blitz"]
[Site "Chess.com"]
[Date "2021.02.16"]
[Round "6"]
[White "Chesswizard_2007"]
[Black "dropstoneDP"]
[Result "0-1"]
[WhiteElo "2719"]
[BlackElo "2983"]
[TimeControl "180+1"]
[EndTime "11:06:23 PST"]
[Termination "dropstoneDP won by resignation"]

1. e4 c6 2. Nc3 d5 3. d4 dxe4 4. Nxe4 Nf6 5. Nxf6+ exf6 6. Nf3 Bd6 7. Bd3 O-O 8. h3 Na6 9. O-O Nb4 10. Be2 Re8 11. Re1 Bf5 12. c3 Nc2 13. Nh4 Be4 14. Be3 Nxe3 15.
fxe3 Bg3 16. Nf3 Bxe1 17. Qxe1 Qe7 18. Kf2 Rad8 19. Qd2 g5 20. Nh2 f5 21. Rg1 Kg7 22. g4 Qd6 23. Nf1 f4 24. exf4 gxf4 25. Bf3 c5 26. Bxe4 Rxe4 27. Qd3 Rde8 28. Nd2 Re2+ 29.
Qxe2 Rxe2+ 30. Kxe2 cxd4 31. Ne4 Qa6+ 32. Kf3 Qd3+ 33. Kxf4 Qe3+ 34. Kf5 Qxg1 35. cxd4 Qxd4 36. Ng5 Qf6+ 37. Ke4 Qxg5 38. b4 Qh4 39. b5 b6 0-1

[Event "*** Titled Tuesday Blitz"]
[Site "Chess.com"]
[Date "2021.02.16"]
[Round "6"]
[White "esapunov"]
[Black "eljanov"]
[Result "0-1"]
[WhiteElo "2676"]
[BlackElo "2848"]
[TimeControl "180+1"]
[EndTime "11:06:23 PST"]
[Termination "eljanov won by resignation"]

1. c4 Nf6 2. Nf3 e6 3. Nc3 b6 4. e4 Bb7 5. e5 Ne4 6. Bd3 Ng5 7. Be2 Nxf3+ 8. Bxf3 Bxf3 9. Qxf3 Nc6 10. Qe4 Bc5 11.
Ne2 f5 12. exf6 Qxf6 13. O-O O-O 14. Kh1 Bxf2 15. d4 Qg6 16. Qxg6 hxg6 17. d5 exd5 18. cxd5 Nb4 19. d6 Bc5 20. Bf4 cxd6 21. Rad1 Nxa2 22. Rf3 Rae8 23. Ng3 Nb4 24. h3 a5 25. Bxd6 Rxf3 26.
gxf3 Bxd6 27. Rxd6 Re1+ 28. Kg2 Rb1 29. Ne4 Rxb2+ 30.
Kg3 a4 31. Rxd7 a3 32. Ng5 Kf8 33. Rc7 Re2 34. Ra7 a2 35. f4 Re1 0-1

[Event "*** Titled Tuesday Blitz"]
[Site "Chess.com"]
[Date "2021.02.16"]
[Round "6"]
[White "TregubovP"]
[Black "A-Fier"]
[Result "1-0"]
[WhiteElo "2563"]
[BlackElo "2798"]
[TimeControl "180+1"]
[EndTime "11:06:26 PST"]
[Termination "TregubovP won by resignation"]

1. e4 Nf6 2. e5 Nd5 3. d4 d6 4. Nf3 g6 5. Bc4 Nb6 6. Bb3 Bg7 7. h3 O-O 8. O-O Nc6 9. Bf4 Na5 10. Nc3 Nxb3 11. axb3 a5 12. Re1 Bd7 13. Qd2 Re8 14. Bh6 Bh8 15. Bg5 f6 16. e6 Bc6 17. d5 Nxd5 18.
Nxd5 fxg5 19. Nxg5 Bg7 20. c4 Bxd5 21. cxd5 c6 22. Qf4 Rf8 23. Qh4 h5 24. Nf7 Qc7 25. Rac1 Bf6 26. Qe4 Kg7 27. Qf4 Qb6 28. Qh6+ Kg8 29.
Qxg6+ Bg7 30. Re3 cxd5 31. Rd1 h4 32. Red3 Qb4 33. Rd4 Qxb3 34. R1d3 Qc2 35. Rxh4 1-0

[Event "*** Titled Tuesday Blitz"]
[Site "Chess.com"]
[Date "2021.02.16"]
[Round "6"]
[White "Kapibara_Warri0r"]
[Black "Chamal_Gedgafov"]
[Result "1-0"]
[WhiteElo "2190"]
[BlackElo "2335"]
[TimeControl "180+1"]
[EndTime "11:06:26 PST"]
[Termination "Kapibara_Warri0r won by resignation"]

1. d4 Nf6 2. Nf3 g6 3. c4 Bg7 4.
Nc3 O-O 5. g3 d6 6. Bg2 Nbd7 7.
O-O e5 8. e4 exd4 9. Nxd4 Re8 10. Be3 Nc5 11. Qc2 a5 12. Rfe1 a4 13. Rad1 c6 14.
Nxc6 Qb6 15. Nd4 Qb4 16. Ndb5 Be6 17. Nc7 Qxc4 18. Nxa8 Rxa8 19. Rxd6 a3 20. Red1 h5 21. Bf1 Qb4 22. bxa3 Rxa3 23. Nd5 Ncxe4 24. Nxb4 1-0

[Event "*** Titled Tuesday Blitz"]
[Site "Chess.com"]
[Date "2021.02.16"]
[Round "6"]
[White "Danfii"]
[Black "ElCoachRene"]
[Result "1-0"]
[WhiteElo "2420"]
[BlackElo "2218"]
[TimeControl "180+1"]
[EndTime "11:06:27 PST"]
[Termination "Danfii won by resignation"]

1. e4 Nc6 2. Nf3 d5 3. exd5 Qxd5 4. Nc3 Qa5 5. d4 Bg4 6. Bb5 O-O-O 7. Bxc6 bxc6 8. Be3 Qh5 9. Qe2 Bxf3 10. gxf3 Kb7 11. O-O-O Nf6 12. Rhg1 h6 13. Qc4 e6 14. Rd3 Qa5 15.
Na4 Rd5 16. Bf4 Qa6 17. Rb3+ Rb5 18. Rxg7 Rxb3 19. Qxb3+ Qb5 20. Rxf7 Nd5 21. Be5 Rg8 22. c4 Rg1+ 23. Kd2 Bb4+ 24. Ke2 Re1+ 25. Kd3 Qa6 26.
Nc5+ Kb6 27. Nxa6 Kxa6 28. cxd5 1-0

[Event "*** Titled Tuesday Blitz"]
[Site "Chess.com"]
[Date "2021.02.16"]
[Round "6"]
[White "Hikaru"]
[Black "Msb2"]
[Result "1-0"]
[WhiteElo "3204"]
[BlackElo "2865"]
[TimeControl "180+1"]
[EndTime "11:06:30 PST"]
[Termination "Hikaru won by resignation"]

1. Nf3 d5 2. e3 Nf6 3. c4 c6 4. d4 Bf5 5. Nc3 e6 6. Nh4 Be4 7. f3 Bg6 8. Qb3 Qc7 9. Bd2 Be7 10.
cxd5 cxd5 11. Nxg6 hxg6 12. O-O-O Nc6 13. Kb1 a6 14. Rc1 Nd7 15. e4 Nxd4 16. Qd1 Qe5 17. exd5 exd5 18. Bd3 O-O 19. Re1 Qd6 20. Bf4 Qxf4 21.
Nxd5 Qd6 22. Nxe7+ Kh8 23. Re4 Nf6 24. Rh4+ Nh7 25.
Qe1 Qf6 26. Nd5 1-0

[Event "*** Titled Tuesday Blitz"]
[Site "Chess.com"]
[Date "2021.02.16"]
[Round "6"]
[White "onetowin"]
[Black "Kaiyrbekov"]
[Result "1-0"]
[WhiteElo "2013"]
[BlackElo "2092"]
[TimeControl "180+1"]
[EndTime "11:06:33 PST"]
[Termination "onetowin won on time"]

1. d4 Nf6 2. Nc3 d5 3. Bf4 c5 4. e3 Nc6 5. Nb5 e5 6. Bxe5 Nxe5 7. dxe5 Ne4 8. Qxd5 Qa5+ 9. c3 a6 10. b4 Nxc3 11.
Nxc3 Qxb4 12. Qd2 Bf5 13. Rd1 Be7 14. Nd5 Qxd2+ 15. Rxd2 O-O 16. Nxe7+ Kh8 17. Nxf5 g6 18. Nd6 Rfe8 19. f4 f6 20. Bc4 fxe5 21. fxe5 Rxe5 22.
Nf7+ 1-0

[Event "*** Titled Tuesday Blitz"]
[Site "Chess.com"]
[Date "2021.02.16"]
[Round "6"]
[White "Berardino"]
[Black "Unknown_IM"]
[Result "1-0"]
[WhiteElo "2591"]
[BlackElo "2387"]
[TimeControl "180+1"]
[EndTime "11:06:42 PST"]
[Termination "Berardino won by resignation"]

1. e4 e5 2. Bc4 Nc6 3. Nc3 Nf6 4. d3 Bc5 5. f4 d6 6. Nf3 a6 7.
f5 h6 8. Qe2 Bd7 9. Be3 Bxe3 10.
Qxe3 Qe7 11. a3 O-O-O 12. b4 g6 13. fxg6 fxg6 14. O-O Ng4 15. Qd2 Nd4 16. Nd5 Qg7 17. h3 h5 18. Nxd4 exd4 19. hxg4 hxg4 20. Nf6 g3 21.
Qg5 Rh1+ 22. Kxh1 Qh8+ 23. Nh5 gxh5 24. Rf7 h4 25. Rxd7 Kxd7 26. Qf5+ Kc6 27. b5+ Kb6 28.
bxa6 bxa6 29. Rb1+ Ka7 30. Qa5 1-0